 Dungeon Crawl Stone Soup version 0.28-a0-1038-g9c4cb8273d (webtiles) character file.

Game seed: 9107455008822270976

167 ytrimaz the Insei (level 5, -1/34 HPs)
             Began as an Octopode Transmuter on Dec 8, 2021.
             Succumbed to an adder's poison
             ... on level 3 of the Dungeon.
             The game lasted 00:02:19 (1643 turns).

ytrimaz the Insei (Octopode Transmuter)             Turns: 1643, Time: 00:02:19

Health: -1/34      AC:  2    Str:  9    XL:     5   Next: 48%
Magic:  6/9        EV: 21    Int: 17    God:
Gold:   86         SH:  0    Dex: 18    Spells: 5/9 levels left

rFire   . . .      SeeInvis .     - Unarmed
rCold   . . .      Faith    .   (shield currently unavailable)
rNeg    . . .      Spirit   .   (helmet currently unavailable)
rPois   x          Reflect  .   (no amulet)
rElec   .          Harm     .   (no ring)
rCorr   .          Rampage  .   (no ring)
Will    .....                   (no ring)
Stlth   ++........              (no ring)
HPRegen 0.11/turn               (no ring)
MPRegen 0.11/turn               (no ring)
                                (no ring)
                                (no ring)

@: lethally poisoned (-1 -> -8), spider-form
A: venomous fangs, almost no armour, (amphibious), 8 rings, tiny, (camouflage
1), (gelatinous body 1), (nimble swimmer 1), (tentacles)
a: End Transformation


You were on level 3 of the Dungeon.
You were a venomous arachnid creature.
You visited 1 branch of the dungeon, and saw 4 of its levels.

You collected 86 gold pieces.

Inventory:

Hand Weapons
 a - a +2 dagger of freezing (melded)
Scrolls
 b - a scroll of identify
 d - a scroll of vulnerability


   Skills:
 * Level 2.0 Fighting
 - Level 0.1 Short Blades
 * Level 3.4 Dodging
 + Level 3.9 Unarmed Combat
 * Level 2.7 Spellcasting
 * Level 2.6 Transmutations


You had 5 spell levels left.
You knew the following spells:

 Your Spells              Type           Power      Damage    Failure   Level
a - Beastly Appendage     Tmut           22%        N/A       17%         1
b - Spider Form           Tmut/Pois      6%         N/A       52%         3

Your spell library contained the following spells:

 Spells                   Type           Power      Damage    Failure   Level
 Wereblood                Tmut           11%        N/A       22%         2
 Corpse Rot               Necr/Air       4%         N/A       47%         2
 Poisonous Vapours        Pois/Air       4%         N/A       47%         2
 Ice Form                 Ice/Tmut       6%         N/A       87%         4


Dungeon Overview and Level Annotations

Branches:
Dungeon (4/15)
 Temple: D:4-7

Altars:
Gozag
Vehumet

Shops:
D:1 (


Innate Abilities, Weirdness & Mutations

You are a venomous arachnid creature.
You have poisonous fangs.
You are tiny and dextrous.
Your spellcasting is less reliable in this form.
Your armour is entirely melded.
You are incapable of wielding weapons or throwing items.
You cannot wear most types of armour.
((You are amphibious.))
You can wear up to eight rings at the same time.
((Your skin changes colour to match your surroundings (Stealth+).))
((Your rubbery body absorbs attacks. (AC +1, EV +1)))
((You are camouflaged near water. (Stealth+)))
((You have tentacles for arms and can constrict up to eight enemies at once.))


Message History

You feel sick. The adder barely misses you.
You feel sick.
You are no longer poisoned.
The adder misses you.
Cast which spell? (? or * to list)
The spell is quite dangerous to miscast (30% risk of failure)!
Continue anyway?
You turn into a venomous arachnid creature.
Your +2 dagger of freezing melds into your body.
Your +2 dagger of freezing stops glowing.
The adder closely misses you.
Unknown command.
You hit the adder.
The adder is poisoned.
The adder is lightly wounded.
The adder misses you.
You hit the adder but do no damage.
The adder looks as sick as possible!
The adder is lightly wounded.
The adder completely misses you.
The gnoll hits you from afar with a +0 spear.
The adder bites you.
* * * LOW HITPOINT WARNING * * *
You are lethally poisoned!
The adder poisons you!
Unknown command.
* * * LOW HITPOINT WARNING * * *
You feel very sick.
You aren't carrying any potions.
You aren't carrying any potions.
You aren't carrying any potions.
Okay, then.
You hit the adder.
The adder looks as sick as possible!
The adder is severely wounded.
* * * LOW HITPOINT WARNING * * *
You feel sick. The adder completely misses you.
Unknown command.
You hit the adder.
You kill the adder!
* * * LOW HITPOINT WARNING * * *
You feel sick. The gnoll closely misses you.
Unknown command.
You die...

#.#.)).......
#............
#............
.....#..........
..####g######)##
. #g# .. #†# #.#
#s# #.# #.###
#...# ###.# #.#
####### #.#
#.....# #.#
#.....#### #.#
#.........


You could see a gnoll and a goblin.

Vanquished Creatures
  A necrophage (D:3)
  A hound (D:2)
  2 adders
  3 orcs (D:3)
  2 bats (D:1)
  4 endoplasms (D:1)
  2 giant cockroaches (D:1)
  4 goblins
  2 hobgoblins (D:2)
  3 ball pythons
  3 kobolds (D:1)
  5 rats
32 creatures vanquished.

Notes
Turn   | Place    | Note
-------+----------+-------------------------------------------
     0 | D:1      | ytrimaz the Octopode Transmuter began the quest for the
                  | Orb.
     0 | D:1      | Reached XP level 1. HP: 13/13 MP: 3/3
   129 | D:1      | Reached XP level 2. HP: 15/18 MP: 5/5
   361 | D:1      | Found Nutyshit's Weapon Boutique.
   815 | D:2      | Reached XP level 3. HP: 21/23 MP: 6/6
   829 | D:2      | Reached XP level 4. HP: 11/28 MP: 7/7
  1044 | D:2      | Learned a level 3 spell: Spider Form
  1061 | D:2      | Found an opulent altar of Gozag.
  1416 | D:2      | You fall into a shaft and drop 2 floors!
  1416 | D:4      | Noticed a necrophage
  1428 | D:3      | Killed a necrophage
  1429 | D:3      | Reached XP level 5. HP: 24/34 MP: 7/9
  1533 | D:3      | Found a radiant altar of Vehumet.
  1642 | D:3      | HP: 1/34 [poisoned by an adder]
  1643 | D:3      | Succumbed to an adder's poison

Illustrated notes

Levels and vault maps discovered:
D:1:      dpeg_arrival_fog, layout_loops_ring, serial_shops, shop_fountains
D:2:      layout_basic, serial_shops, shop, basic_altar, lemuel_another_geyser
D:3:      layout_loops_ring, grunt_temple_overflow_open, vehumet_crystals,
          wad_floor_pattern_1
D:4:      layout_basic, minmay_temple_entry_stoned_glass,
          hangedman_abyss_or_decor_stagger

Skill      XL: |  1  2  3  4 |
---------------+-------------+-----
Fighting       | 2 |  2.0
Dodging        | 3 |  3.4
Short Blades   | |  0.1
Unarmed Combat | |  3.9
Spellcasting   | |  2.7
Transmutations | |  2.6

Action                   |  1- 3 |  4- 6 || total
-------------------------+-------+-------++-------
Melee: Unarmed           |    14 |     4 ||    18
       Tentacles         |     7 |     5 ||    12
       Constrict         |     7 |    10 ||    17
       Dagger            |    24 |    29 ||    53
       Punch             |       |     1 ||     1
 Cast: Spider Form       |       |     1 ||     1
  Use: Scroll            |     2 |     3 ||     5
 Stab: Sleeping          |     7 |       ||     7
Armor: Skin              |     5 |     1 ||     6
Dodge: Dodged            |    23 |    25 ||    48

Table legend: (Time is in decaauts)
 A = Elapsed time spent in this place.
 B = Non-inter-level travel time spent in this place.
 C = Inter-level travel time spent in this place.
 D = Time resting spent in this place.
 E = Time spent auto-exploring this place.
 F = Levels seen in this place.
 G = Mean time per level.
                   A        B        C        D        E       F      G
               +--------+--------+--------+--------+--------+-----+--------+
         Total |   1640 |   1626 |     14 |    192 |   1175 |   4 |  410.0 |
       Dungeon |   1640 |   1626 |     14 |    192 |   1175 |   4 |  410.0 |
               +--------+--------+--------+--------+--------+-----+--------+

Top non-repeatable levels by time:
     D:1: 772 daAuts
     D:2: 641 daAuts
     D:3: 220 daAuts
     D:4: 5 daAuts
